 Dungeon Crawl Stone Soup version 0.20-a0-618-gbb8d3ca (webtiles) character file.

210 M4edhros the Sneak (level 5, -4/35 HPs)
             Began as an Octopode Artificer on Feb 9, 2017.
             Killed from afar by Vesto's ghost (10 damage)
             ... with a magic dart
             ... in an ossuary.
             The game lasted 00:03:47 (1617 turns).

M4edhros the Sneak (Octopode Artificer)             Turns: 1617, Time: 00:03:47

Health: -4/35      AC:  1    Str: 11    XL:     5   Next: 88%
Magic:  7/7        EV: 14    Int: 13    God:    Xom [..*...]
Gold:   175        SH:  0    Dex: 14    Spells: 4/4 levels left

rFire    . . .     SeeInvis .   a - +0 short sword
rCold    . . .     Gourm    .   (no shield)
rNeg     . . .     Faith    .   (helmet restricted)
rPois    .         Spirit   .   (no amulet)
rElec    .         Reflect  .   k - ring of teleportation (curse)
rCorr    .         Harm     .   (no ring)
MR       .....     Rnd*Tele +   (no ring)
Stlth    ++++......             (no ring)
Regen    0.2/turn               (no ring)
                                (no ring)
                                (no ring)
                                (no ring)

@: very slightly contaminated
A: almost no armour, stealthy swim, amphibious, 8 rings, constrict 8, camouflage
1, gelatinous body 1
a: Renounce Religion


You were in an ossuary.
You worshipped Xom.
You were a toy of Xom.
You were very hungry.

You visited 1 branch of the dungeon, and saw 5 of its levels.
You also visited: Ossuary.

You collected 175 gold pieces.

Inventory:

Hand Weapons
 a - a +0 short sword (weapon)
 i - a +0 blowgun
 o - a +1 hunting sling
Missiles
 e - 50 stones (quivered)
 j - 8 curare-tipped needles
 l - 24 sling bullets
Jewellery
 k - a cursed ring of teleportation (left tentacle)
Wands
 b - a wand of flame (32/48)
 c - a wand of enslavement (10/24)
 d - a wand of random effects (12/48)
 p - a wand of confusion (0/48)
Books
 h - a book of Minor Magic

   Spells                             Type                      Level
   a - Magic Dart                     Conjuration                  1
   b - Blink                          Translocation                2
   c - Call Imp                       Summoning                    2
   d - Slow                           Hexes                        2
   e - Conjure Flame                  Conjuration/Fire             3
   f - Mephitic Cloud                 Conjuration/Poison/Air       3
Comestibles
 f - a bread ration
 g - 9 fruits
 q - 3 chunks of flesh


   Skills:
 + Level 2.5 Fighting
 - Level 1.0 Short Blades
 + Level 2.0 Slings
 + Level 3.1 Dodging
 + Level 5.1 Stealth
 - Level 3.2 Evocations


You had 4 spell levels left.
You didn't know any spells.

Dungeon Overview and Level Annotations

Branches:
Dungeon (5/15)
 Temple: D:4-7

Altars:
Uskayaw
Xom

Annotations:
Ossuary Vesto's ghost, amateur OpCj


Innate Abilities, Weirdness & Mutations

You cannot wear most types of armour.
You are very stealthy in the water. (Stealth+)
You are amphibious.
You can wear up to eight rings at the same time.
You can use your tentacles to constrict eight enemies at once.
Your skin changes colour to match your surroundings (Stealth+).
Your rubbery body absorbs attacks. (AC +1, EV +1)


Message History

Aiming: Confuse (will waste charges)
Press: ? - help, Shift-Dir - straight line, f/p - Vesto's ghost
Aim: Vesto's ghost, wielding a weapon of draining (chance to defeat MR: 37%) Nothing appears to happen.
Vesto's ghost shrieks, "You will join me soon!"
Vesto's ghost stares at you and mumbles some strange words.
The orb of energy misses you.
You aren't carrying any potions.
Okay, then.
Okay, then.
You flicker for a moment.
Vesto's ghost casts a spell at you. The magic dart hits you!
* * * LOW HITPOINT WARNING * * *
You flicker back into view.
The sentinel's mark upon you fades away.
Vesto's ghost casts a spell at you. The magic dart hits you!
You die...
Xom bursts into laughter!

################
##.....W........##
##......####@.....##
#......##..##......#
#.....##....##.....#
#..................#
##................##
##.....W........##
#+##........##'#
##......##..##
##....##....#


You could see Vesto's ghost.

Vanquished Creatures
  A howler monkey (D:5)
  A worker ant (D:4)
  9 mummies
  An adder (D:5)
  2 dart slugs
  A leopard gecko (D:3)
  2 bats (D:1)
  A goblin (D:1)
  4 hobgoblins
  A ball python (D:4)
  2 frilled lizards
  2 gnoll zombies (Ossuary)
  3 hobgoblin zombies (Ossuary)
  A kobold (D:3)
  A kobold zombie (Ossuary)
  2 orc zombies (Ossuary)
  A quokka skeleton (D:5)
35 creatures vanquished.

Notes
Turn   | Place    | Note
-------+----------+-------------------------------------------
     0 | D:1      | M4edhros the Octopode Artificer began the quest for the Orb.
     0 | D:1      | Reached XP level 1. HP: 13/13 MP: 3/3
    75 | D:1      | Reached skill level 2 in Stealth
   259 | D:1      | Reached skill level 3 in Stealth
   259 | D:1      | Reached XP level 2. HP: 17/18 MP: 4/4
  1010 | D:3      | Found a hide-covered altar of Uskayaw.
  1149 | D:5      | Entered Level 5 of the Dungeon
  1288 | D:4      | Reached skill level 4 in Stealth
  1288 | D:4      | Reached XP level 3. HP: 16/23 MP: 5/5
  1417 | D:5      | Reached skill level 1 in Slings
  1417 | D:5      | Reached XP level 4. HP: 28/29 MP: 6/6
  1464 | D:5      | Noticed a sky beast
  1488 | D:5      | Noticed a phantom
  1489 | D:5      | Found a shimmering altar of Xom.
  1496 | D:5      | Became a worshipper of Xom of Chaos
  1497 | D:5      | XOM: potion effect (might)
  1508 | D:5      | Found a sand-covered staircase.
  1512 | D:5      | XOM: harmless Tmut miscast
  1513 | D:5      | XOM: potion effect (invisibility)
  1514 | Ossuary  | Entered an ossuary
  1529 | Ossuary  | Reached XP level 5. HP: 32/34 MP: 7/7
  1548 | Ossuary  | Reached skill level 5 in Stealth
  1590 | Ossuary  | Noticed Vesto's ghost (amateur OpCj)
  1617 | Ossuary  | Killed from afar by Vesto's ghost

Vault maps used:
D:1:      onia_arrival_mini_maze, serial_forest, infiniplex_forest_straight_1,
          infiniplex_forest_clump_curved, infiniplex_forest_split,
          infiniplex_forest_straight_4, infiniplex_forest_lined_room_,
          infiniplex_forest_straight_1, st_stairs_10
D:2:      nicolae_overflow_hidden_temple, first_bread,
          hangedman_decor_diamond_cutter, minmay_misc_feat_iff,
          minmay_stone_trees_small
D:3:      eat_drink_and_be_merry_uskayaw, chequers_ecumenical_altar_twisty,
          serial_bayou_pond_e, serial_bayou_pond_b
D:4:      amethyst_overflow_temple_binary, kennysheep_generic_room_13,
          uniq_grinder, uniq_edmund
D:5:      basic_altar, nicolae_ossuary_entry_giza, chei_slow_surprise
Ossuary:  ossuary_tomb_3

Skill      XL: |  1  2  3  4  5 |
---------------+----------------+-----
Stealth        | 3 4 5 |  5.1
Slings         | 1 2 |  2.0
Fighting       | 2 |  2.5
Dodging        | 3 |  3.1
Short Blades   | |  1.0
Evocations     | |  3.2

Action                   |  1- 3 |  4- 6 || total
-------------------------+-------+-------++-------
Melee: Short sword       |    37 |    36 ||    73
       Constrict         |     7 |    14 ||    21
       Tentacles         |     6 |     7 ||    13
Evoke: Wand              |    12 |     5 ||    17
  Use: Potion            |     5 |       ||     5
       Scroll            |     2 |       ||     2
 Stab: Sleeping          |     7 |     2 ||     9
       Invisible         |       |     2 ||     2
  Eat: Chunk             |     1 |       ||     1
Armor: Skin              |     3 |       ||     3
Dodge: Dodged            |    27 |    20 ||    47
